 Dungeon Crawl Stone Soup version 0.30-a0-475-g03497ec522 (webtiles) character file.

Game seed: 18360675376994583144

37 Armakuni the Slasher (level 3, -3/36 HPs)
             Began as a Human Wanderer on Dec 20, 2022.
             Killed from afar by Sigmund (5 damage)
             ... with a puff of flame
             ... on level 3 of the Dungeon.
             The game lasted 00:02:53 (1719 turns).

Armakuni the Slasher (Human Wanderer)               Turns: 1719, Time: 00:02:54

Health: -3/36      AC:  5    Str: 16    XL:     3   Next: 62%
Magic:  4/4        EV: 10    Int: 13    God:
Gold:   92         SH:  0    Dex: 16    Spells: 3/4 levels left

rFire   . . .      SeeInvis .    a - +5 dagger "Naogex" {drain, Will- Int+2 Dex+5}
rCold   . . .      Faith    .    (no shield)
rNeg    . . .      Spirit   .    n - +0 ring mail
rPois   .          Reflect  .    (no helmet)
rElec   .          Harm     .    (no cloak)
rCorr   .          Rampage  .    (no gloves)
Will    .....                    (no boots)
Stlth   ..........               (no amulet)
HPRegen 0.26/turn                (no ring)
MPRegen 0.09/turn                (no ring)

@: mighty, berserking, hasted, very quick
A: no striking features
a: no special abilities


You were on level 3 of the Dungeon.
You visited 1 branch of the dungeon, and saw 3 of its levels.

You collected 92 gold pieces.

Inventory:

Hand Weapons
 a - the +5 dagger "Naogex" (weapon) {drain, Will- Int+2 Dex+5}
   (You found it on level 3 of the Dungeon)

   A truly terrible weapon, it drains the life of any living foe it strikes.
   Int:       It affects your intelligence (+2).
   Dex:       It affects your dexterity (+5).
   Will:      It decreases your willpower.
 b - the +7 glaive "Junury" {freeze, Str+3 SInv}
   (You found it on level 2 of the Dungeon)

   It freezes those it strikes, dealing additional cold damage.
   It can also slow down cold-blooded creatures.
   Str:       It affects your strength (+3).
   SInv:      It lets you see invisible.
 e - a +2 falchion
Missiles
 f - a throwing net
Armour
 d - a +0 leather armour
 g - a +2 tower shield of fire resistance
 n - a +0 ring mail (worn)
Jewellery
 j - a ring of poison resistance
Wands
 r - a wand of polymorph (3)
Scrolls
 h - 4 scrolls of identify
 m - a scroll of silence
 q - a scroll of vulnerability
Potions
 c - a potion of attraction
 i - a potion of might
 o - a potion of heal wounds {unknown}
 p - a potion of magic
 s - a potion of curing {unknown}


   Skills:
 + Level 4.4 Long Blades
 - Level 1.0 Armour
 - Level 1.0 Dodging
 - Level 1.0 Spellcasting
 - Level 2.0 Poison Magic
 - Level 2.0 Evocations


You had 3 spell levels left.
You knew the following spells:

 Your Spells              Type           Power      Damage    Failure   Level
a - Sting                 Tmut/Pois      12%        1d3       34%         1

Your spell library contained the following spells:

 Spells                   Type           Power      Damage    Failure   Level
 Mephitic Cloud           Conj/Pois/Air  2%         N/A       77%         3


Dungeon Overview and Level Annotations

Branches:
Dungeon (3/15)

Altars:
Wu Jian

Shops:
D:2 *

Annotations:
D:3 Sigmund


Message History

Deactivating autopickup; reactivate with Ctrl-A.
You're too confused to move!
The bat hits you but does no damage. Something hits you but does no damage.
Found 15 gold pieces.
The bat misses you.
Okay, then.
Something hits you. The bat hits you.
It was a potion of might.
You feel very mighty all of a sudden.
You feel less confused. The bat hits you but does no damage.
Something hits you. The bat hits you but does no damage.
Really walk into that teleport trap?
You enter a teleport trap!
The teleport trap disappears.
Your surroundings seem slightly different.
The bat hits you but does no damage.
You see here a scroll of identify.
h - 4 scrolls of identify (gained 1)
The bat closely misses you.
You barely miss the bat. The bat hits you but does no damage.
You hear a zap.
A puff of flame appears from out of thin air!
The puff of flame misses you. The bat completely misses you.
The bat hits you but does no damage. The bat closely misses you.
The bat misses you. Something hits you!
* * * LOW HITPOINT WARNING * * *
You see here a book of Blood.
It was a potion of haste.
You feel yourself speed up. The bat barely misses you.
Okay, then.
It was a potion of magic.
Magic courses through your body. The bat closely misses you.
Something hits you.
* * * LOW HITPOINT WARNING * * *
It was a potion of berserk rage.
A red film seems to cover your vision as you go berserk!
You feel yourself moving faster!
You feel mighty! The bat barely misses you.
You hit something. The bat hits you but does no damage.
You hear some strange, mumbled words.
A puff of flame appears from out of thin air!
The puff of flame hits you.
You die...

##.......##
#.........#
#.........#
#...[.....######
#...............
#..........#####
##.........#
#.........##
#..@{.....#
#...b.....#
#.........#
#.........#
##$......##
##.....##
#######


You could see a bat.

Vanquished Creatures
  An adder (D:3)
  3 dart slugs
  An orc (D:3)
  A ball python (D:1)
  2 bats
  2 endoplasms (D:2)
  2 goblins (D:1)
  4 hobgoblins
  3 kobolds (D:1)
  A rat (D:2)
20 creatures vanquished.

Notes
Turn   | Place    | Note
-------+----------+-------------------------------------------
     0 | D:1      | Armakuni the Human Wanderer began the quest for the Orb.
     0 | D:1      | Armakuni set off with the following items: a +2 falchion, a
                  | wand of polymorph (3), a potion of attraction, a +0 leather
                  | armour; and the following spell memorised: Sting; and the
                  | following spells available to memorise: Mephitic Cloud.
     0 | D:1      | Reached XP level 1. HP: 13/13 MP: 2/2
   259 | D:1      | Reached XP level 2. HP: 19/19 MP: 3/3
  1110 | D:2      | Reached skill level 4 in Long Blades
  1110 | D:2      | Reached XP level 3. HP: 23/24 MP: 4/4
  1163 | D:2      | Found an ornate altar of the Wu Jian Council.
  1179 | D:2      | Identified the +7 glaive "Junury" {freeze, Str+3 SInv}
  1303 | D:2      | Found Qodoigaa's Assorted Antiques.
  1696 | D:3      | Identified the +5 dagger "Naogex" {drain, Will- Int+2
                  | Dex+5}
  1700 | D:3      | Noticed Sigmund
  1717 | D:3      | HP: 1/24 [something (4)]
  1719 | D:3      | Killed from afar by Sigmund

Illustrated notes

Levels and vault maps discovered:
D:1:      sevenhm_arrival_forest_fort_small_4, layout_loops_corners
D:2:      layout_loops_ring, serial_shops, nicolae_diamond_shop, basic_altar
D:3:      layout_rooms, mainiacjoe_overflow_six_doors_small, serial_shops, shop,
          uniq_terence, uniq_grinder, uniq_sigmund

Skill      XL: |  1  2 |
---------------+-------+-----
Long Blades    | 4 |  4.4
Armour         | |  1.0
Dodging        | |  1.0
Spellcasting   | |  1.0
Poison Magic   | |  2.0
Evocations     | |  2.0

Action                   || total
-------------------------++-------
Melee: Falchion          ||    47
       Punch             ||     1
       Glaive            ||     9
       Dagger            ||     2
 Cast: Sting             ||     1
  Use: Potion            ||     4
       Scroll            ||     3
Armor: Leather armour    ||    10
       Ring mail         ||    12
Dodge: Dodged            ||    38

Table legend: (Time is in decaauts)
 A = Elapsed time spent in this place.
 B = Non-inter-level travel time spent in this place.
 C = Inter-level travel time spent in this place.
 D = Time resting spent in this place.
 E = Time spent auto-exploring this place.
 F = Levels seen in this place.
 G = Mean time per level.
                   A        B        C        D        E       F      G
               +--------+--------+--------+--------+--------+-----+--------+
         Total |   1739 |   1688 |     51 |    135 |   1258 |   3 |  579.7 |
       Dungeon |   1739 |   1688 |     51 |    135 |   1258 |   3 |  579.7 |
               +--------+--------+--------+--------+--------+-----+--------+

Top non-repeatable levels by time:
     D:1: 970 daAuts
     D:2: 586 daAuts
     D:3: 181 daAuts
